 Dungeon Crawl Stone Soup version 0.27-a0-1144-g0b7d3b79db (webtiles) character file.

Game seed: 10642523358358972744

4971 robertstho the Thaumaturge (level 10, -2/65 HPs)
             Began as a Djinni Fire Elementalist on May 10, 2021.
             Was an Initiate of Ashenzari.
             Splashed by an acid dragon's acid (11 damage)
             ... on level 9 of the Dungeon.
             The game lasted 00:14:06 (10514 turns).

robertstho the Thaumaturge (DjFE)                  Turns: 10514, Time: 00:14:06

Health: -2/65      AC:  8    Str:  7    XL:     10   Next: 53%
Gold:   175        EV: 13    Int: 27    God:    Ashenzari [......] SH:  0 Dex: 13

rFire    + . .     SeeInvis .   a - +1 dagger (venom)
rCold    . . .     Faith    .   (no shield)
rNeg     . . .     Spirit   .   B - +0 steam dragon scales
rPois    ∞         Reflect  .   (no helmet)
rElec    .         Harm     .   d - +0 cloak
rCorr    .         Rampage  .   x - +1 pair of gloves
Will     +....                  (boots unavailable)
Stlth    +++.......             (no amulet)
HPRegen  0.20/turn              r - ring of ice
MPRegen  0.00/turn              t - ring "Oracular Jealousy" {Int+6, Self, Evo} (curse)

@: flying
A: sickness immunity, fire resistance 2, cold vulnerability 1, float, innate
caster, hp casting, extra vitality 1
a: Renounce Religion, Curse Item, Shatter the Chains


You were on level 9 of the Dungeon.
You worshipped Ashenzari.
Ashenzari was noncommittal.
You visited 1 branch of the dungeon, and saw 9 of its levels.

You collected 417 gold pieces.
You spent 242 gold pieces at shops.

Inventory:

Hand Weapons
 a - a +1 dagger of venom (weapon)
 y - a +5 dagger
 z - a +2 short sword of holy wrath
 A - a +2 scimitar of flaming
Missiles
 i - 2 curare-tipped darts
Armour
 d - a +0 cloak (worn)
 e - a +0 pair of gloves
 n - a +2 robe of fire resistance
 x - a +1 pair of gloves (worn)
 B - +0 steam dragon scales (worn)
Magical Staves
 s - a staff of air
Jewellery
 h - a ring of see invisible
 r - a ring of ice (left hand)
 t - the cursed ring "Oracular Jealousy" (right hand) {Int+6, Self, Evo}
   (You found it on level 5 of the Dungeon)

   [ring of intelligence]

   It affects your intelligence (+6).
   It has a curse which improves the following skills: Introspection: Fighting
   and Spellcasting.
   Evocations: Evocations.
Wands
 b - a wand of iceblast (8)
 j - a wand of flame (20)
Scrolls
 c - 5 scrolls of fog
 f - 4 scrolls of immolation
 k - a scroll of fear
 l - a scroll of teleportation
 o - 2 scrolls of vulnerability
 u - a scroll of silence
 w - a scroll of magic mapping
 C - a scroll of enchant armour
 D - a scroll of summoning
Potions
 g - a potion of might
 m - a potion of brilliance
 p - a potion of cancellation
 q - 2 potions of ambrosia
 v - 2 potions of resistance
 G - a potion of lignification


   Skills:
 + Level 2.2(2.7) Fighting
 + Level 4.3 Dodging
 + Level 4.1 Stealth
 + Level 11.8(12.3) Spellcasting


You had 8 spell levels left.
You knew the following spells:

 Your Spells              Type           Power      Damage    Failure   Level
a - Foxfire               Conj/Fire      100%       2x1d9     1%          1
b - Conjure Flame         Conj/Fire      70%        6-21      1%          3
c - Inner Flame           Hex/Fire       70%        N/A       1%          3
d - Sticky Flame          Conj/Fire      70%        2d8       1%          4
e - Fireball              Conj/Fire      35%        3d15      1%          5
f - Summon Small Mammal   Summ           100%       N/A       1%          1
g - Blink                 Tloc           N/A        N/A       1%          2
h - Wereblood             Tmut           70%        N/A       1%          2
i - Leda's Liquefaction   Hex/Erth       35%        N/A       1%          4
Your spell library was empty.

Dungeon Overview and Level Annotations

Branches:
Dungeon (9/15)             Temple (0/1) D:7
   Lair: D:8-11         Orc: D:9-12

Altars:
Ashenzari
Hepliaklqana
Nemelex Xobeh
Okawaru
Qazlal
Ru
Trog
Vehumet
Wu Jian
Yredelemnul
Zin

Shops:
D:3 =   D:8 [!

Annotations:
D:3 614 amulet clarity
D:4 1 runed translucent door


Innate Abilities, Weirdness & Mutations

You are immune to sickness and miasma.
You are immune to poison.
Your flesh is very heat resistant. (rF++)
You are vulnerable to cold. (rC-)
You float through the air rather than walking.
You learn spells naturally, not from books.
Your magical power is your life essence.
You have superior vitality. (+4 HP)


Message History

Aiming: Fireball (dangerous; 1% risk of failure)
Press: ? - help, Shift-Dir - straight line The fireball explodes!
The fireball engulfs the yak!!
You kill the yak!
Unknown command.
Unknown command.
Casting: Fireball (dangerous; 1% risk of failure)
Confirm with . or Enter, or press ? or * to list all spells.
Aiming: Fireball (dangerous; 1% risk of failure)
Press: ? - help, Shift-Dir - straight line, f - yak
Aim: a yak The fireball explodes!
The fireball engulfs the yak!
The yak is moderately wounded.
An acid dragon comes into view.
Unknown command.
Unknown command.
Casting: Fireball (dangerous; 1% risk of failure)
Confirm with . or Enter, or press ? or * to list all spells.
Aiming: Fireball (dangerous; 1% risk of failure)
Press: ? - help, Shift-Dir - straight line, f/p - yak
Aim: a yak (moderately wounded)
The fireball explodes!
The fireball engulfs the yak!
The yak is heavily wounded.
Unknown command.
Unknown command.
Casting: Fireball (dangerous; 1% risk of failure)
Confirm with . or Enter, or press ? or * to list all spells.
Aiming: Fireball (dangerous; 1% risk of failure)
Press: ? - help, Shift-Dir - straight line, f/p - yak
Aim: a yak (heavily wounded)
The fireball explodes!
The fireball engulfs the yak!
The yak is severely wounded.
* * * LOW HITPOINT WARNING * * *
Unknown command.
There is a stone staircase leading up here.
The acid dragon spits acid at you. The splash of acid hits you!
* * * LOW HITPOINT WARNING * * *
You are splashed with acid!
You die...

... #.# #..
#.# #######
...#.####
###.#.#..
.##..!...#
....D..@.#
.#.......#
.......Y..#
.##.[...#.#
............
###..#.#.....
#..#. .†...#
#.### ..†..#
#. .....#


You could see a yak and an acid dragon (catching breath).

Vanquished Creatures
  Maggie (D:6)
  2 vampires
  10 yaks
  A wyvern (D:8)
  A steam dragon (D:8)
  A water moccasin (D:6)
  Duvessa (D:5)
  2 sky beasts
  An ice beast (D:7)
  2 necrophages (D:4)
  3 ogres
  A centaur (D:8)
  2 phantoms
  3 kobold brigands
  2 bullfrogs
  A wyvern zombie (D:8)
  A water moccasin skeleton (D:5)
  Dowan (D:5)
  3 killer bees
  5 wights (D:9)
  3 howler monkeys
  A bullfrog zombie (D:5)
  A centaur zombie (D:5)
  A human zombie (D:4)
  A bullfrog skeleton (D:5)
  2 orc priests
  2 hounds
  A centaur skeleton (D:7)
  Jessica (D:3)
  5 iguanas
  Ijyb (D:5)
  9 adders
  A shadow imp (D:6)
  An adder zombie (D:5)
  A worm (D:3)
  A dart slug (D:2)
  13 orcs
  7 ball pythons
  6 endoplasms
  4 giant cockroaches
  7 goblins
  6 hobgoblins
  4 jackals (D:1)
  9 kobolds
  2 quokkas
  2 bats
  3 frilled lizards
  5 rats
144 creatures vanquished.

Vanquished Creatures (collateral kills)
  12 foxfires (D:6)
12 creatures vanquished.

Vanquished Creatures (others)
  A bush (D:6)
  682 foxfires
683 creatures vanquished.

Grand Total: 839 creatures vanquished

Notes
Turn   | Place    | Note
-------+----------+-------------------------------------------
     0 | D:1      | robertstho the Djinni Fire Elementalist began the quest for
                  | the Orb.
     0 | D:1      | Reached XP level 1. HP: 15/15 MP: 0/0
   346 | D:1      | Reached skill level 3 in Spellcasting
   346 | D:1      | Reached XP level 2. HP: 20/21 MP: 0/0
  1266 | D:1      | Reached XP level 3. HP: 13/25 MP: 0/0
  1266 | D:1      | Learned a level 1 spell: Summon Small Mammal
  1610 | D:2      | Found a glowing silver altar of Zin.
  2495 | D:3      | Reached skill level 4 in Spellcasting
  2495 | D:3      | Reached XP level 4. HP: 14/31 MP: 0/0
  3201 | D:3      | Found Apnony's Jewellery Emporium.
  3356 | D:3      | Noticed Jessica
  3359 | D:3      | Killed Jessica
  3360 | D:3      | Reached XP level 5. HP: 34/35 MP: 0/0
  3360 | D:3      | Learned a level 2 spell: Blink
  3361 | D:3      | Noticed a kobold brigand
  3364 | D:3      | Killed a kobold brigand
  3478 | D:3      | Found a faded altar of an unknown god.
  3710 | D:4      | Noticed a necrophage
  3716 | D:4      | Killed a necrophage
  3717 | D:4      | Reached skill level 5 in Spellcasting
  3717 | D:4      | Reached XP level 6. HP: 34/40 MP: 0/0
  3769 | D:4      | Noticed a necrophage
  3780 | D:4      | Killed a necrophage
  4076 | D:4      | Found a sparkling altar of Nemelex Xobeh.
  4119 | D:4      | Found a bloodstained altar of Trog.
  4119 | D:4      | Found a hazy altar of Hepliaklqana.
  4122 | D:4      | Found an iron altar of Okawaru.
  4462 | D:4      | Found a runed translucent door.
  4462 | D:4      | Noticed a human
  4473 | D:4      | Found a basalt altar of Yredelemnul.
  4809 | D:4      | Reached skill level 6 in Spellcasting
  4809 | D:4      | Reached XP level 7. HP: 29/45 MP: 0/0
  4809 | D:4      | Learned a level 2 spell: Wereblood
  5173 | D:5      | Entered Level 5 of the Dungeon
  5246 | D:5      | Found a broken altar of Ashenzari.
  5276 | D:5      | Became a worshipper of Ashenzari the Shackled
  5663 | D:5      | Noticed Duvessa
  5665 | D:5      | Noticed Dowan
  5673 | D:5      | Killed Dowan
  5674 | D:5      | Reached skill level 7 in Spellcasting
  5684 | D:5      | Killed Duvessa
  5685 | D:5      | Reached XP level 8. HP: 6/50 MP: 0/0
  6399 | D:5      | Noticed Ijyb
  6403 | D:5      | Killed Ijyb
  6522 | D:5      | Reached skill level 8 in Spellcasting
  7128 | D:6      | Noticed a vampire
  7142 | D:6      | Killed a vampire
  7143 | D:6      | Reached skill level 1 in Fighting
  7332 | D:6      | Found an ornate altar of the Wu Jian Council.
  7419 | D:6      | Reached skill level 9 in Spellcasting
  7419 | D:6      | Reached XP level 9. HP: 38/57 MP: 0/0
  7419 | D:6      | Learned a level 4 spell: Leda's Liquefaction
  7582 | D:6      | Noticed Maggie
  7596 | D:6      | Killed Maggie
  7794 | D:6      | Found a large runed translucent door.
  7795 | D:6      | Found a large runed translucent door.
  8142 | D:6      | Found a stormy altar of Qazlal.
  8192 | D:6      | Found a sacrificial altar of Ru.
  8544 | D:7      | Reached skill level 10 in Spellcasting
  9037 | D:8      | Found Ynoabb's Distillery.
  9299 | D:8      | Bought a potion of degeneration for 11 gold pieces
  9299 | D:8      | Bought a potion of haste for 110 gold pieces
  9299 | D:8      | Bought a potion of magic for 88 gold pieces
  9299 | D:8      | Bought a potion of lignification for 33 gold pieces
  9312 | D:8      | Found Sytai's Antique Armour Shop.
  9360 | D:8      | Reached XP level 10. HP: 38/64 MP: 0/0
  9362 | D:8      | Reached skill level 11 in Spellcasting
  9658 | D:7      | Found a staircase to the Ecumenical Temple.
 10514 | D:9      | Splashed by an acid dragon's acid

Illustrated notes

Levels and vault maps discovered:
D:1:      saegor_arrival_miasma, layout_loops_ring, minmay_ruptured
D:2:      layout_rooms, basic_altar, minmay_worlds_worst_comb
D:3:      layout_basic, ebering_ecumenical_altar_rust, serial_shops, shop,
          uniq_jessica
D:4:      layout_loops_corners, nemelex_xobeh_ov_fountains_minmay,
          dk_yredelemnul_ordeal, gammafunk_temple_overflow_claw
D:5:      layout_basic, lemuel_coloured_pillars_altar, evilmike_ruin_ashenzari,
          minivault_26, uniq_duvessa, uniq_ijyb
D:6:      layout_cave_pools, jmf_multi_god_temple2, lemuel_crystal_altar,
          grunt_ministairs_12, minmay_hedge_maze, uniq_maggie
D:7:      layout_loops_ring, minmay_temple_entry_from_below_a
D:8:      layout_rooms, serial_shops, shop, shop_fountains
D:9:      layout_basic, kennysheep_little_box, uniq_erolcha

Skill      XL: |  1  2  3  4  5  6  7  8  9 10 |
---------------+-------------------------------+-----
Spellcasting   | 3 4 5 6 7 9 10 11 | 11.8
Stealth        | 2 3 4 |  4.1
Dodging        | 3 4 |  4.3
Fighting       | 1 2 |  2.2

Action                   |  1- 3 |  4- 6 |  7- 9 | 10-12 || total
-------------------------+-------+-------+-------+-------++-------
 Cast: Foxfire           |   107 |    94 |   212 |       ||   413
       Sticky Flame      |       |       |    16 |     3 ||    19
       Fireball          |       |       |     6 |    27 ||    33
Invok: Curse Item        |       |       |     1 |       ||     1
  Use: Scroll            |       |     9 |     1 |       ||    10
       Potion            |       |       |     1 |     1 ||     2
Armor: Robe              |     3 |     2 |     5 |       ||    10
       Steam dragon scal |       |       |    10 |       ||    10
Dodge: Dodged            |    10 |     9 |    25 |    11 ||    55

Table legend: (Time is in decaauts)
 A = Elapsed time spent in this place.
 B = Non-inter-level travel time spent in this place.
 C = Inter-level travel time spent in this place.
 D = Time resting spent in this place.
 E = Time spent auto-exploring this place.
 F = Levels seen in this place.
 G = Mean time per level.
                   A        B        C        D        E       F      G
               +--------+--------+--------+--------+--------+-----+--------+
         Total |  10493 |  10193 |    300 |   1487 |   7710 |   9 | 1165.9 |
       Dungeon |  10493 |  10193 |    300 |   1487 |   7710 |   9 | 1165.9 |
               +--------+--------+--------+--------+--------+-----+--------+

Top non-repeatable levels by time:
     D:5: 1751 daAuts
     D:1: 1609 daAuts
     D:4: 1549 daAuts
     D:6: 1315 daAuts
     D:8: 1244 daAuts
     D:2: 1043 daAuts
     D:7: 977 daAuts
     D:3: 969 daAuts
     D:9: 33 daAuts
